 Dungeon Crawl Stone Soup version 0.25-a0-578-gc91f01c39c (webtiles) character file.

Game seed: 1413035762640422296, levelgen mode: deterministic

54 Flugslaktarn the Shield-Bearer (level 3, -9/34 HPs)
             Began as a Deep Dwarf Fighter on Mar 4, 2020.
             Killed from afar by Grinder (10 damage)
             ... with a puff of flame
             ... on level 3 of the Dungeon.
             The game lasted 00:00:25 (263 turns).

Flugslaktarn the Shield-Bearer (Deep Dwarf Fighter)  Turns: 263, Time: 00:00:25

Health: -9/34      AC:  6    Str: 20    XL:     3   Next: 66%
Magic:  2/2        EV:  7    Int:  8    God:
Gold:   23         SH:  9    Dex: 12    Spells: 2/2 levels left

rFire    . . .     SeeInvis .   a - +0 war axe
rCold    . . .     Gourm    .   c - +0 kite shield
rNeg     . . .     Faith    .   b - +0 scale mail
rPois    .         Spirit   .   (no helmet)
rElec    .         Reflect  .   (no cloak)
rCorr    .         Harm     .   (no gloves)
MR       .....                  (no boots)
Stlth    ..........             (no amulet)
HPRegen  0.00/turn              (no ring)
MPRegen  0.08/turn              (no ring)

@: non-regenerating
A: damage resistance, heal wounds, sense surroundings 1, no regeneration
a: Heal Wounds


You were on level 3 of the Dungeon.
You were not hungry.

You visited 1 branch of the dungeon, and saw 3 of its levels.

You collected 23 gold pieces.

Inventory:

Hand Weapons
 a - a +0 war axe (weapon)
Armour
 b - a +0 scale mail (worn)
 c - a +0 kite shield (worn)
Jewellery
 f - a cursed -5 ring of intelligence {unknown}
   (You found it on level 1 of the Dungeon)
Wands
 k - a wand of scattershot (3)
   (You found it on level 2 of the Dungeon)
Scrolls
 h - a scroll of fear {unknown}
 i - a scroll of teleportation {unknown}
Potions
 d - a potion of might
 g - 2 potions of degeneration {unknown}
Comestibles
 e - a ration
 j - 5 chunks of flesh


   Skills:
 + Level 3.0 Fighting
 * Level 3.2 Axes
 + Level 3.6 Armour
 + Level 3.7 Shields
 + Level 0.6 Evocations


You had 2 spell levels left.
You didn't know any spells.
Your spell library was empty.

Dungeon Overview and Level Annotations

Branches:
Dungeon (3/15)

Altars:
Dithmenos
Okawaru
Xom

Annotations:
D:3 Grinder


Innate Abilities, Weirdness & Mutations

You are resistant to damage.
You can heal yourself by infusing magical energy.
You passively map a small area around you.
You do not regenerate.


Message History

You hit Grinder.
Grinder is moderately wounded.
Grinder gestures at you.
You suddenly lose the ability to move!
Grinder hits you.
A hobgoblin comes into view.
The hobgoblin shouts!
Grinder zaps a wand.
The puff of flame hits you. Grinder hits you but does no damage.
Grinder zaps a wand.
The puff of flame hits you! Grinder hits you!
You writhe in agony.
* * * LOW HITPOINT WARNING * * *
A hobgoblin comes into view. It is wielding a +0 club.
Grinder hits you.
* * * LOW HITPOINT WARNING * * *
You writhe in agony.
* * * LOW HITPOINT WARNING * * *
You can move again.
Grinder zaps a wand.
The puff of flame hits you!
You die...

,
#.._..##.#..#.##*
*
.#.).g.#.........
,
...............#*
, * ,
...###....#.#*
....#.......# * *
, #......g#.### ,
* * .####.#5#.# *
* * #.†.#.. *
###@#### #.# ,
#.# , #.# ** *
##### #.# * #...#
#.# ###...###.#
###.......#.#
.......<..#.#


You could see Grinder and 2 hobgoblins.

Vanquished Creatures
  2 adders
  A worm (D:3)
  2 dart slugs
  A leopard gecko (D:1)
  2 bats
  A giant cockroach (D:3)
  A goblin (D:3)
  5 hobgoblins
  3 jackals (D:1)
  4 kobolds
  A quokka (D:2)
  2 rats
25 creatures vanquished.

Notes
Turn   | Place    | Note
-------+----------+-------------------------------------------
     0 | D:1      | Flugslaktarn the Deep Dwarf Fighter began the quest for the
                  | Orb.
     0 | D:1      | Reached XP level 1. HP: 20/20 MP: 1/1
    22 | D:1      | Reached XP level 2. HP: 25/27 MP: 2/2
   121 | D:2      | Reached XP level 3. HP: 19/34 MP: 3/3
   139 | D:2      | Found a shimmering altar of Xom.
   176 | D:3      | Found a shadowy altar of Dithmenos.
   231 | D:3      | Found an iron altar of Okawaru.
   234 | D:3      | Noticed Grinder
   256 | D:3      | Paralysed by Grinder for 7 turns
   262 | D:3      | HP: 1/34 [Grinder (5)]
   263 | D:3      | Killed from afar by Grinder

Levels and vault maps discovered:
D:1:      minmay_arrival_checkered_box, layout_loops_ring,
          minmay_split_cup_large
D:2:      layout_basic, xom_teletrap_fun
D:3:      layout_loops_ring, lemuel_doored_altar, hangedman_decor_points,
          okawaru_ov_weapons_minmay, uniq_sigmund, uniq_grinder

Skill      XL: |  1  2 |
---------------+-------+-----
Fighting       | 3 |  3.0
Axes           | 3 |  3.2
Armour         | |  3.6
Shields        | |  3.7
Evocations     | |  0.6

Action                   || total
-------------------------++-------
Melee: War axe           ||    73
 Abil: Heal Wounds       ||     1
Armor: Scale mail        ||    30
Dodge: Dodged            ||    28
Block: Kite shield       ||    53

Table legend:
 A = Non-vault XP
 B = Vault XP
 C = Vault XP percentage of total XP
 D = Non-vault monster count
 E = Vault monster count
 F = Vault count percentage of total count
                 A         B        C        D         E       F
            +---------+---------+-------+---------+---------+-------
      Total |      78 |       0 |   0.0 |      25 |       0 |   0.0
            +---------+---------+-------+---------+---------+-------
        D:1 |      24 |       0 |   0.0 |      11 |       0 |   0.0
        D:2 |      23 |       0 |   0.0 |       5 |       0 |   0.0
        D:3 |      31 |       0 |   0.0 |       9 |       0 |   0.0
            +---------+---------+-------+---------+---------+-------
